 Dungeon Sprint DCSS version 0.26-a0-690-gcb57259078 (webtiles) character file.

Game seed: 14539618784875977965

2593 sahdkjhfkaj the Thaumaturge (level 9, 0/51 HPs)
             Began as an Octopode Conjurer on Oct 24, 2020.
             Was an Initiate of Sif Muna.
             Slain by a redback (17 damage)
             ... in the Dungeon (Sprint III: "The Ten Rune Challenge").
             The game lasted 00:08:10 (2336 turns).

sahdkjhfkaj the Thaumaturge (Octopode Conjurer)     Turns: 2336, Time: 00:08:11

Health: 0/51       AC:  1    Str:  7    XL:     9   Next: 58%
Magic:  12/23      EV: 13    Int: 23    God:    Sif Muna [......]
Gold:   24         SH:  0    Dex: 10    Spells: 9/28 levels left

rFire    . . .     SeeInvis .   i - +1 long sword (holy)
rCold    . . .     Faith    .   (no shield)
rNeg     . . .     Spirit   .   (helmet restricted)
rPois    .         Reflect  .   (no amulet)
rElec    .         Harm     .   (no ring)
rCorr    .         Rampage  .   (no ring)
MR       .....     NoTele   +   (no ring)
Stlth    +++.......             (no ring)
HPRegen  0.17/turn              (no ring)
MPRegen  0.18/turn              (no ring)
                                (no ring)
                                (no ring)

@: no status effects
A: almost no armour, stealthy swim, amphibious, 8 rings, constrict 8, camouflage
1, gelatinous body 1
a: Renounce Religion


You were in the Dungeon.
You worshipped Sif Muna.
Sif Muna was noncommittal.
You visited 1 branch You collected 24 gold pieces.

Inventory:

Hand Weapons
 i - a +1 long sword of holy wrath (weapon)
Scrolls
 g - a scroll of blinking
 h - a scroll of torment
 j - 4 scrolls of remove curse
 m - a scroll of holy word
Potions
 a - 2 potions of ambrosia {!q}
 c - a potion of heal wounds {!q}
 d - a potion of haste {!q}
 e - 2 potions of magic {!q}
 f - 2 potions of mutation {!q}
 k - a potion of stabbing {!q, unknown}
 l - 3 potions of flight {!q}
 n - a potion of brilliance {!q, unknown}
Miscellaneous
 o - a tin of tremorstones (3/3)


   Skills:
 - Level 2.0 Dodging
 - Level 2.6 Stealth
 - Level 10.0 Spellcasting
 * Level 9.8 Conjurations
 + Level 9.2 Hexes
 - Level 10.0 Summonings
 - Level 10.0 Translocations


You had 9 spell levels left.
You knew the following spells:

 Your Spells              Type           Power        Failure   Level
a - Magic Dart            Conj           ####         1%          1
b - Searing Ray           Conj           ######       1%          2
f - Fulminant Prism       Conj/Hex       ######....   1%          4
E - Dazzling Flash        Conj/Hex       ######       1%          3
G - Summon Forest         Summ/Tloc      ######....   2%          5
M - Iskenderun's Mystic   Conj/Tloc      ######..     1%          4

Your spell library contained the following spells:

 Spells                   Type           Power        Failure   Level
 Apportation              Tloc           ######       1%          1
 Corona                   Hex            ######.      1%          1
 Summon Small Mammal      Summ           ####         1%          1
 Stone Arrow              Conj/Erth      ####..       2%          3
 Animate Skeleton         Necr           ##....       5%          1
 Corpse Rot               Necr/Air       N/A          9%          2
 Summon Hydra             Summ           ######....   61%         7
 Eringya's Noxious Bog    Tmut/Pois      ##........   100%        6
 Hydra Form               Tmut           ##........   100%        6


Dungeon Overview and Level Annotations

Branches:
Dungeon (1/1)

Altars:
Cheibriados
Dithmenos
Elyvilon
Fedhas
Gozag
Hepliaklqana
Kikubaaqudgha
Makhleb
Nemelex Xobeh
Okawaru
Qazlal
Ru
Sif Muna
Trog
Uskayaw
Vehumet
Wu Jian
Xom
Yredelemnul
Zin
The Shining One
Beogh
Jiyva
Lugonu


Innate Abilities, Weirdness & Mutations

You cannot wear most types of armour.
You are very stealthy in the water. (Stealth+)
You are amphibious.
You can wear up to eight rings at the same time.
You can use your tentacles to constrict eight enemies at once.
Your skin changes colour to match your surroundings (Stealth+).
Your rubbery body absorbs attacks. (AC +1, EV +1)


Message History

The magic dart hits the redback.
The redback is severely wounded.
You constrict the redback.
You feel very sick. The redback bites you!
* * * LOW HITPOINT WARNING * * *
You are more poisoned.
The redback poisons you! The redback bites you!
* * * LOW HITPOINT WARNING * * *
Unknown command.
Really quaff
b - a potion of curing {!q}?
You feel better.
You constrict the redback. The redback completely misses you.
The two-headed ogre drops a net on you.
A net drops to the ground!
Casting: Magic Dart (safe; 1% risk of failure)
Confirm with . or Enter, or press ? or * to list all spells.
Press: ? - help, Dir - move target cursor, p - redback You conjure a prism of explosive energy!
A fulminant prism comes into view.
You constrict the redback. The redback bites you!
You die...

#)## ...# ...# ##'#
...#+##############
..)#....#.#.#.....# .
...##.#..#.##.###.# ...
...'##.#.#.##.#..##.^...
...#.).#..#).##.@s.O....
▓▓▓▓▓▓▓▓▓▓▓▓▓▓▓▓▓#..^.^.
.*...^ ....^ ^.... ####


You could see a two-headed ogre, a redback and a friendly fulminant prism.

Vanquished Creatures
  Erolcha (D)
  A deep elf mage (D)
  A shadow (D)
  A redback (D)
  A spatial vortex (D)
  A necrophage (D)
  3 two-headed ogres (D)
  A water elemental (D)
  A scorpion (D)
  A jelly (D)
  A necromancer (D)
  A wizard (D)
  3 humans (D)
  A kobold demonologist (D)
  2 oozes (D)
  2 rats (D)
22 creatures vanquished.

Vanquished Creatures (collateral kills)
  A two-headed ogre (D)
1 creature vanquished.

Vanquished Creatures (others)
  12 fulminant prisms (D)
12 creatures vanquished.

Grand Total: 35 creatures vanquished

Notes
Turn   | Place    | Note
-------+----------+-------------------------------------------
     0 | D        | sahdkjhfkaj the Octopode Conjurer began the quest for the
                  | Orb.
     0 | D        | Reached XP level 1. HP: 11/11 MP: 3/3
    10 | D        | Reached skill level 5 in Conjurations
    47 | D        | Reached XP level 2. HP: 14/17 MP: 1/5
   151 | D        | Learned a level 2 spell: Searing Ray
   160 | D        | Reached XP level 3. HP: 21/21 MP: 0/6
   220 | D        | Learned a level 3 spell: Dazzling Flash
   221 | D        | Noticed a scorpion
   225 | D        | Killed a scorpion
   225 | D        | Reached skill level 5 in Hexes
   225 | D        | Reached XP level 4. HP: 25/27 MP: 2/7
   491 | D        | Noticed a water elemental
   497 | D        | Killed a water elemental
   497 | D        | Reached XP level 5. HP: 19/31 MP: 3/10
   640 | D        | Learned a level 4 spell: Fulminant Prism
   642 | D        | Found a glowing silver altar of Zin.
   642 | D        | Found a glowing golden altar of the Shining One.
   642 | D        | Found a white marble altar of Elyvilon.
   642 | D        | Noticed a deep elf mage
   651 | D        | Killed a deep elf mage
   651 | D        | Reached skill level 10 in Spellcasting
   651 | D        | Reached XP level 6. HP: 36/36 MP: 0/19
   651 | D        | Reached XP level 7. HP: 41/41 MP: 0/20
   657 | D        | Learned a level 4 spell: Iskenderun's Mystic Blast
   771 | D        | Found a radiant altar of Vehumet.
   771 | D        | Found a shimmering blue altar of Sif Muna.
   771 | D        | Found an ancient bone altar of Kikubaaqudgha.
   787 | D        | Learned a level 5 spell: Summon Forest
   892 | D        | Found a hide-covered altar of Uskayaw.
   892 | D        | Found a roughly hewn altar of Beogh.
   892 | D        | Found an iron altar of Okawaru.
   892 | D        | Found a bloodstained altar of Trog.
   892 | D        | Found an ornate altar of the Wu Jian Council.
   892 | D        | Noticed a human
   892 | D        | Noticed a human
   897 | D        | Killed a human
   898 | D        | Killed a human
   898 | D        | Reached XP level 8. HP: 36/46 MP: 14/22
   971 | D        | Found a basalt altar of Yredelemnul.
   971 | D        | Found a shadowy altar of Dithmenos.
   971 | D        | Found a sacrificial altar of Ru.
   977 | D        | Reached skill level 5 in Summonings
   977 | D        | Reached skill level 5 in Translocations
  1044 | D        | Noticed a shadow
  1046 | D        | Killed a shadow
  1123 | D        | Found a blossoming altar of Fedhas.
  1123 | D        | Found a stormy altar of Qazlal.
  1123 | D        | Found a snail-covered altar of Cheibriados.
  1123 | D        | Found a burning altar of Makhleb.
  1123 | D        | Found a shimmering altar of Xom.
  1219 | D        | Found a hazy altar of Hepliaklqana.
  1219 | D        | Found an opulent altar of Gozag.
  1219 | D        | Found a sparkling altar of Nemelex Xobeh.
  1219 | D        | Found a corrupted altar of Lugonu.
  1219 | D        | Found a viscous altar of Jiyva.
  1538 | D        | Noticed a two-headed ogre
  1542 | D        | Killed a two-headed ogre
  1542 | D        | Reached XP level 9. HP: 30/51 MP: 18/23
  1562 | D        | Noticed Erolcha
  1570 | D        | Killed Erolcha
  1570 | D        | Reached skill level 10 in Summonings
  1570 | D        | Reached skill level 10 in Translocations
  1822 | D        | Noticed a two-headed ogre
  2148 | D        | Became a worshipper of Sif Muna the Loreminder
  2336 | D        | Slain by a redback

Illustrated notes

Levels and vault maps discovered:
D:        dungeon_sprint_mu [sprint_mu_entry_cave, sprint_mu_temple_rooms,
          sprint_mu_d1_spiders, sprint_mu_d2_genie, sprint_mu_d3_branching,
          sprint_mu_orc_legion, sprint_mu_elf_gauntlet, sprint_mu_hive_nellie,
          sprint_mu_lair_fedhas, sprint_mu_vaults_butterflies,
          sprint_mu_slime_circle, sprint_mu_shoals_archi,
          sprint_mu_snake_twists, sprint_mu_blade_basic, sprint_mu_crypt_lich,
          sprint_mu_tomb_spiral, sprint_mu_vestibule_basic,
          sprint_mu_gehenna_hellfire, sprint_mu_dis_giant,
          sprint_mu_tartarus_statrot, sprint_mu_cocytus_islands, sprint_mu_zot1]

Skill      XL: |  1  2  3  4  5  6  7  8  9 |
---------------+----------------------------+-----
Conjurations   | 5 7 8 9 |  9.8
Hexes          | 5 7 8 9 |  9.2
Spellcasting   | 3 10 | 10.0
Summonings     | 4 8 10 | 10.0
Translocations | 4 8 10 | 10.0
Dodging        | |  2.0
Stealth        | |  2.6

Action                   |  1- 3 |  4- 6 |  7- 9 || total
-------------------------+-------+-------+-------++-------
Melee: Unarmed           |     3 |       |       ||     3
       Tentacles         |     2 |       |     1 ||     3
       Long sword        |       |       |     1 ||     1
       Constrict         |       |       |     1 ||     1
 Cast: Magic Dart        |     6 |     1 |     3 ||    10
       Searing Ray       |     2 |     2 |    14 ||    18
       Fulminant Prism   |       |     1 |    12 ||    13
       Dazzling Flash    |       |       |     2 ||     2
       Summon Forest     |       |       |     1 ||     1
  Use: Potion            |     1 |       |     2 ||     3
       Scroll            |       |     4 |       ||     4
Dodge: Dodged            |     3 |     2 |    20 ||    25
       Rpst.: Long sword |       |       |     6 ||     6

Table legend: (Time is in decaauts)
 A = Elapsed time spent in this place.
 B = Non-inter-level travel time spent in this place.
 C = Inter-level travel time spent in this place.
 D = Time resting spent in this place.
 E = Time spent auto-exploring this place.
 F = Levels seen in this place.
 G = Mean time per level.
                   A        B        C        D        E       F      G
               +--------+--------+--------+--------+--------+-----+--------+
         Total |   2348 |   2348 |      0 |   1851 |    130 |   1 | 2348.0 |
       Dungeon |   2348 |   2348 |      0 |   1851 |    130 |   1 | 2348.0 |
               +--------+--------+--------+--------+--------+-----+--------+

Top non-repeatable levels by time:
       D: 2348 daAuts
